 Dungeon Crawl Stone Soup version 0.27.0-1-g7a089689b8 (webtiles) character file.

Game seed: 110605916786879111

86 SnakkuSnakku7 the Skirmisher (level 4, -6/35 HPs)
             Began as a Merfolk Air Elementalist on Aug 14, 2021.
             Killed from afar by Natasha (8 damage)
             ... with a magic dart
             ... on level 2 of the Dungeon.
             The game lasted 00:04:10 (1823 turns).

SnakkuSnakku7 the Skirmisher (MfAE)                 Turns: 1823, Time: 00:04:11

Health: -6/35      AC:  4    Str:  9    XL:     4   Next: 50%
Magic:  7/7        EV: 12    Int: 20    God:
Gold:   84         SH:  0    Dex: 14    Spells: 6/7 levels left

rFire    + . .     SeeInvis .   j - +0 short sword
rCold    . . .     Faith    .   (no shield)
rNeg     . . .     Spirit   .   f - +1 leather armour {rF+}
rPois    .         Reflect  .   (no helmet)
rElec    .         Harm     .   (no cloak)
rCorr    .         Rampage  .   (no gloves)
Will     .....                  (no boots)
Stlth    ++........             (no amulet)
HPRegen  0.11/turn              h - +6 ring of intelligence
MPRegen  0.10/turn              (no ring)

@: no status effects
A: (nimble swimmer 2), mertail
a: no special abilities


You were on level 2 of the Dungeon.
You visited 1 branch of the dungeon, and saw 3 of its levels.

You collected 84 gold pieces.

Inventory:

Hand Weapons
 j - a +0 short sword (weapon)
Missiles
 b - 9 poisoned darts (quivered)
Armour
 f - a +1 leather armour of fire resistance (worn)
Jewellery
 h - a +6 ring of intelligence (left hand)
Scrolls
 a - 4 scrolls of identify {unknown}
Potions
 c - a potion of might {unknown}
 d - a potion of heal wounds {unknown}
 e - a potion of curing {unknown}
 g - 3 potions of magic {unknown}
 i - 2 potions of cancellation {unknown}


   Skills:
 + Level 3.0 Fighting
 + Level 2.6 Throwing
 - Level 2.6 Dodging
 - Level 2.1 Stealth
 - Level 2.0 Spellcasting
 - Level 0.7 Conjurations
 - Level 2.4 Air Magic


You had 6 spell levels left.
You knew the following spells:

 Your Spells              Type           Power      Damage    Failure   Level
a - Shock                 Conj/Air       32%        1d5       12%         1

Your spell library contained the following spells:

 Spells                   Type           Power      Damage    Failure   Level
 Static Discharge         Conj/Air       8%         N/A       19%         2
 Swiftness                Air            11%        N/A       26%         3
 Airstrike                Air            5%         N/A       63%         4


Dungeon Overview and Level Annotations

Branches:
Dungeon (3/15)

Altars:
Kikubaaqudgha

Annotations:
D:2 Natasha


Innate Abilities, Weirdness & Mutations

((You are quick and stealthy near water. (Stealth+, EV+, Speed+++)))
Your lower body shifts to a powerful aquatic tail in water.


Message History

Natasha barely misses you.
Throw: 12 darts (poison)
Press: ? - help, Q - select action, (/) - cycle Shift-Dir - straight line, f/p - Natasha
Aim: Natasha (moderately wounded, very poisoned, 53% to hit)
You throw a poisoned dart.
The poisoned dart barely misses Natasha.
Natasha closely misses you.
Unknown command.
Throw: 11 darts (poison)
Press: ? - help, Q - select action, (/) - cycle Shift-Dir - straight line, f/p - Natasha
Aim: Natasha (heavily wounded, very poisoned, 53% to hit)
You throw a poisoned dart.
The poisoned dart barely misses Natasha.
Unknown command.
Unknown command.
You closely miss Natasha.
Natasha is heavily wounded.
Natasha barely misses you. Natasha claws you but does no damage.
You hit Natasha but do no damage.
Natasha is heavily wounded.
Natasha claws you.
You hit Natasha.
Natasha is severely wounded.
Natasha claws you.
* * * LOW HITPOINT WARNING * * *
Throw: 10 darts (poison)
Press: ? - help, Q - select action, (/) - cycle Shift-Dir - straight line, f/p - Natasha
Aim: Natasha (severely wounded, very poisoned, 53% to hit)
You throw a poisoned dart. The poisoned dart hits Natasha.
Natasha looks even sicker.
Natasha is severely wounded.
Natasha claws you!
* * * LOW HITPOINT WARNING * * *
Unknown command.
Okay, then.
You closely miss Natasha.
Natasha is severely wounded.
Natasha casts a spell at you. The magic dart hits you!
You die...

#####.# #.# ######### #.# #.#
#.......# #.###.######
#.......####...........
#............###.######
######.......####.###.#
#..........(....#...#.#
######.............#.###.#<#
.....'...(....(h@#.#.# #.###
######.....####..#.#.###.########
# #.....# #..#.#............. ##
#.....# #(.#.#####.######## P#
#.....# #..#.# #.# .# #5....#
#..#.#####.# )≈####.....##
#..#.......# P(##.h......#
#..########## ≈.≈#.######.# #..#
#.....#


You could see Natasha (very poisoned).

Vanquished Creatures
  Natasha (D:2)
  3 worms
  2 dart slugs
  5 endoplasms
  A giant cockroach (D:1)
  3 goblins
  9 hobgoblins
  A jackal (D:2)
  A quokka (D:2)
  6 ball pythons
  5 bats
  3 frilled lizards
  4 kobolds
  2 rats
46 creatures vanquished.

Vanquished Creatures (others)
  40 plants (D:2)
40 creatures vanquished.

Grand Total: 86 creatures vanquished

Notes
Turn   | Place    | Note
-------+----------+-------------------------------------------
     0 | D:1      | SnakkuSnakku7 the Merfolk Air Elementalist began the quest
                  | for the Orb.
     0 | D:1      | Reached XP level 1. HP: 13/13 MP: 3/3
   269 | D:1      | Reached skill level 1 in Fighting
   269 | D:1      | Reached XP level 2. HP: 14/21 MP: 0/5
   283 | D:1      | Reached skill level 1 in Throwing
   621 | D:1      | Reached XP level 3. HP: 25/27 MP: 6/6
   669 | D:1      | Reached skill level 2 in Fighting
   994 | D:2      | Noticed Natasha
  1197 | D:2      | Killed Natasha
  1198 | D:2      | Reached XP level 4. HP: 26/34 MP: 3/7
  1221 | D:2      | You fall into a shaft and drop 1 floor!
  1251 | D:3      | Reached skill level 3 in Fighting
  1450 | D:3      | Found an ancient bone altar of Kikubaaqudgha.
  1680 | D:2      | Noticed Natasha
  1823 | D:2      | Killed from afar by Natasha

Illustrated notes

Levels and vault maps discovered:
D:1:      nzn_arrival_water_spiral, layout_basic
D:2:      minmay_general_purpose_star, layout_basic, basic_altar,
          serial_bayou_lagoon_a, uniq_natasha
D:3:      layout_loops_corners, overflow_temple_1_default

Skill      XL: |  1  2  3  4 |
---------------+-------------+-----
Fighting       | 1 2 3 |  3.0
Throwing       | 1 2 |  2.6
Dodging        | |  2.6
Stealth        | |  2.1
Spellcasting   | |  2.0
Conjurations   | |  0.7
Air Magic      | |  2.4

Action                   |  1- 3 |  4- 6 || total
-------------------------+-------+-------++-------
Melee: Unarmed           |    85 |    12 ||    97
       Tailslap          |     4 |       ||     4
       Short sword       |       |     5 ||     5
Throw: Dart              |    77 |    21 ||    98
 Cast: Shock             |    26 |     4 ||    30
 Stab: Sleeping          |       |     1 ||     1
Armor: Leather armour    |    33 |     2 ||    35
Dodge: Dodged            |    94 |    17 ||   111
